 Dungeon Crawl Stone Soup version 0.31-a0-83-gbff143cfd1 (webtiles) character file.

Game seed: 18056507160367945665

112 browni3141 the Cutter (level 4, 0/35 HPs)
             Began as a Mummy Fighter on May 24, 2023.
             Slain by an iguana (7 damage)
             ... on level 4 of the Dungeon.
             The game lasted 00:03:03 (3221 turns).

browni3141 the Cutter (Mummy Fighter)               Turns: 3221, Time: 00:03:04

Health: 0/35       AC:  7    Str: 19    XL:     4   Next: 64%
Magic:  4/4        EV:  9    Int:  9    God:
Gold:   229        SH:  4    Dex: 11    Spells: 3/3 levels left

rFire   x . .        a - +0 rapier
rCold   + + .        c - +0 buckler
rNeg    + + +        b - +0 scale mail
rPois   ∞            (no helmet)
rElec   .            (no cloak)
rCorr   .            e - +0 pair of gloves
SInv    .            (no boots)
Will    .....        (no amulet) Stlth
                     d - ring of protection from cold
HPRegen 0.25/turn    (no ring)
MPRegen 0.09/turn

%: faith
@: no status effects
A: cold resistance 1, negative energy resistance 3, torment resistance 2, heat
vulnerability 1, in touch with death 1, no potions, faith
a: no special abilities


You were on level 4 of the Dungeon.
You visited 1 branch of the dungeon, and saw 4 of its levels.

You collected 229 gold pieces.

Inventory:

Hand Weapons
 a - a +0 rapier (weapon)
Armour
 b - a +0 scale mail (worn)
 c - a +0 buckler (worn)
 e - a +0 pair of gloves (worn)
 j - the +0 robe "Diawet" {rPois rC+ Dex+2 Archmagi}
   (You found it on level 3 of the Dungeon)

   Dex:       It affects your dexterity (+2).
   rC:        It protects you from cold.
   rPois:     It protects you from poison.
   Archmagi:  It increases the power of your magical spells.
Jewellery
 d - a ring of protection from cold (left hand)
 i - a +6 ring of intelligence
Wands
 h - a wand of polymorph (3)
Scrolls
 f - 3 scrolls of identify {unknown}
 g - a scroll of fear {unknown}
 k - a scroll of blinking {unknown}
 l - a scroll of poison {unknown}
 m - a scroll of torment {unknown}
 n - a scroll of noise {unknown}
 p - a scroll of teleportation {unknown}


   Skills:
 - Level 3.0 Fighting
 * Level 3.9 Short Blades
 - Level 2.4 Armour
 + Level 0.5 Dodging
 - Level 2.4 Shields


You had 3 spell levels left.
You didn't know any spells.
Your spell library contained the following spells:

 Spells                   Type           Power      Damage    Failure   Level
 Magic Dart               Conj           0%         1d3       83%         1
 Sandblast                Erth           0%         2d4       83%         1
 Call Imp                 Summ           0%         N/A       93%         2
 Cigotuvi's Dreadful Rot  Necr/Pois/Air  0%         N/A       93%         2
 Passwall                 Tmut/Erth      0%         N/A       93%         2
 Poisonous Vapours        Pois/Air       0%         N/A       93%         2
 Ignite Poison            Fire/Tmut/Pois 0%         N/A       99%         3
 Mephitic Cloud           Conj/Pois/Air  0%         N/A       99%         3
 Stone Arrow              Conj/Erth      0%         3d7       99%         3
 Vhi's Electric Charge    Tloc/Air       0%         N/A       99%         3
 Sticky Flame             Conj/Fire      0%         2d3       100%        4
 Arcjolt                  Conj/Air       0%         1d10      100%        5
 Freezing Cloud           Conj/Ice/Air   0%         6-21      100%        5
 Ignition                 Fire           0%         3d3       100%        8
 Maxwell's Capacitive Co  Air            0%         ∞         100%        8


Dungeon Overview and Level Annotations

Branches:
Dungeon (4/15)
 Temple: D:4-7

Altars:

Shops:
D:1 :


Innate Abilities, Weirdness & Mutations

You are immune to poison.
Your flesh is cold resistant. (rC+)
You are immune to negative energy. (rN+++)
You are immune to unholy pain and torment.
You are vulnerable to heat. (rF-)
You are in touch with the powers of death.
You do not drink.
You have a special connection with the divine. (Faith)


Message History

The iguana is severely wounded.
The iguana hisses menacingly.
The iguana closely misses you.
You hit the iguana but do no damage.
The iguana is severely wounded.
The iguana closely misses you.
You hit the iguana.
The iguana is severely wounded.
The iguana closely misses you.
Throw: throwing net
Press: ? - help, Q - select action, (/) - cycle Shift-Dir - straight line, f - iguana
Aim: an iguana (severely wounded, 60% to hit)
You throw a throwing net. The throwing net hits the iguana.
The iguana is caught in the net!
The iguana is severely wounded.
The iguana struggles against the net.
You barely miss the iguana.
The iguana is severely wounded.
The iguana struggles against the net.
You hit the iguana but do no damage.
The iguana is severely wounded.
The iguana struggles against the net.
You hit the iguana but do no damage.
The iguana is severely wounded.
The iguana struggles against the net.
You barely miss the iguana.
The iguana is severely wounded.
The iguana struggles against the net.
The net rips apart, and the iguana comes free!
You closely miss the iguana.
The iguana is severely wounded.
You block the iguana's attack.
You closely miss the iguana.
The iguana is severely wounded.
The iguana bites you.
* * * LOW HITPOINT WARNING * * *
You hit the iguana but do no damage.
The iguana is severely wounded.
The iguana bites you!
You die...

##....#.....##...## ##...#...
#..#####..........### ##...###..
##.## ##...........###...## #..
..### ###......#.........## #..
##..####......####........# ##.
###..#......#####.####..## #..
##........#.....# #...# ###..
#........#.##### ##..###....
##..#.....#.#@## #...#....#
#..<......#.#l.## ###.......
##.#########.#...####..#......#
#..#.........##........#......#
##.###.##########.......#.##...#
#!####..#### #.......#.###.#.
#####...†..# #.......#.#..#..
#..#..#.# ##..#....#.#.####
#.#####.# #..#######.##..#


You could see an iguana.

Vanquished Creatures
  4 adders
  A worm (D:2)
  4 dart slugs
  2 orcs
  5 ball pythons
  6 endoplasms
  3 goblins (D:2)
  6 hobgoblins
  6 jackals (D:2)
  3 quokkas
  4 bats
  5 frilled lizards
  7 kobolds
  6 rats
62 creatures vanquished.

Notes
Turn   | Place    | Note
-------+----------+-------------------------------------------
     0 | D:1      | browni3141 the Mummy Fighter began the quest for the Orb.
     0 | D:1      | Reached XP level 1. HP: 18/18 MP: 1/1
    52 | D:1      | Reached XP level 2. HP: 16/24 MP: 2/2
   504 | D:1      | Noticed a walking earthen tome
   506 | D:1      | Found Siol's Book Boutique.
   508 | D:1      | Noticed a walking frostbound tome
   790 | D:1      | Gained mutation: You are in touch with the powers of death.
                  | [Mummy growth]
   790 | D:1      | Reached XP level 3. HP: 29/29 MP: 3/3
  1076 | D:2      | Found a faded altar of an unknown god.
  1428 | D:3      | Reached XP level 4. HP: 31/35 MP: 4/4
  1848 | D:3      | Identified the +0 robe "Diawet" {rPois rC+ Dex+2 Archmagi}
  2721 | D:4      | Noticed a scorpion
  3221 | D:4      | Slain by an iguana

Illustrated notes

Levels and vault maps discovered:
D:1:      wander_arrival_estate, layout_loops_ring, serial_shops,
          nicolae_shop_mannequins, roderic_serpentine_path, minmay_hexomino_c4
D:2:      layout_basic, ebering_ecumenical_altar_ruins
D:3:      layout_basic
D:4:      layout_layer_cave, serial_co_window_serial, co_window_paths_b,
          co_window_paths_a, co_window_corner_a, co_window_corner_a,
          co_window_paths_a, co_window_corner_b, co_window_corner_b,
          co_window_of_opportunity_c, glass_columns_a, st_stairs_1

Skill      XL: |  1  2  3 |
---------------+----------+-----
Short Blades   | 2 3 |  3.9
Fighting       | |  3.0
Armour         | |  2.4
Dodging        | |  0.5
Shields        | |  2.4

Action                     |  1- 3 |  4- 6 || total
---------------------------+-------+-------++-------
  Melee: Rapier            |   159 |   100 ||   259
  Throw: Throwing net      |       |     1 ||     1
 Armour: Scale mail        |    58 |    32 ||    90
  Dodge: Dodged            |    67 |    35 ||   102
  Block: Buckler           |    32 |    15 ||    47

Table legend: (Time is in decaauts)
 A = Elapsed time spent in this place.
 B = Non-inter-level travel time spent in this place.
 C = Inter-level travel time spent in this place.
 D = Time resting spent in this place.
 E = Time spent auto-exploring this place.
 F = Levels seen in this place.
 G = Mean time per level.
                   A        B        C        D        E       F      G
               +--------+--------+--------+--------+--------+-----+--------+
         Total |   3239 |   3166 |     73 |      0 |   2538 |   4 |  809.8 |
       Dungeon |   3239 |   3166 |     73 |      0 |   2538 |   4 |  809.8 |
               +--------+--------+--------+--------+--------+-----+--------+

Top non-repeatable levels by time:
     D:4: 998 daAuts
     D:1: 847 daAuts
     D:3: 832 daAuts
     D:2: 561 daAuts
